 Dungeon Crawl Stone Soup version 0.27.1-34-g3ba077fa99 (webtiles) character file.

Game seed: 1396303126259449886

127 growler the Gusty (level 5, -2/28 HPs)
             Began as a Tengu Air Elementalist on Jan 19, 2022.
             Slain by Pikel (11 damage)
             ... on level 4 of the Dungeon.
             The game lasted 00:06:10 (3766 turns).

growler the Gusty (Tengu Air Elementalist)          Turns: 3766, Time: 00:06:11

Health: -2/28      AC:  2    Str:  8    XL:     5   Next: 11%
Magic:  10/10      EV: 14    Int: 16    God:
Gold:   111        SH:  0    Dex: 15    Spells: 0/10 levels left

rFire    . . .     SeeInvis .   m - +1 dagger (speed)
rCold    . . .     Faith    .   (no shield)
rNeg     . . .     Spirit   .   a - +0 robe
rPois    +         Reflect  .   (helmet restricted)
rElec    .         Harm     .   (no cloak)
rCorr    .         Rampage  .   (no gloves)
Will     .....                  (boots unavailable)
Stlth    ++........             e - amulet of magic regeneration
HPRegen  0.09/turn              h - ring of poison resistance
MPRegen  0.37/turn              (no ring)

@: flying quickly and evasively, quick
A: beak, talons 3, nimble flight
a: no special abilities


You were on level 4 of the Dungeon.
You visited 1 branch of the dungeon, and saw 4 of its levels.

You collected 111 gold pieces.

Inventory:

Hand Weapons
 m - a +1 dagger of speed (weapon)
   (You took it off a goblin on level 3 of the Dungeon)
Armour
 a - a +0 robe (worn)
Jewellery
 e - an amulet of magic regeneration (around neck)
   (You found it on level 2 of the Dungeon)
 h - a ring of poison resistance (left hand)
   (You found it on level 1 of the Dungeon)
 k - a ring of ice
   (You found it on level 1 of the Dungeon)
Scrolls
 b - 3 scrolls of amnesia {unknown}
 c - 2 scrolls of immolation {unknown}
 f - a scroll of holy word {unknown}
 i - a scroll of fog {unknown}
 j - a scroll of brand weapon {unknown}
 n - a scroll of enchant weapon {unknown}
Potions
 d - a potion of haste {unknown}
 g - 3 potions of curing {unknown}
 l - a potion of heal wounds {unknown}


   Skills:
 - Level 2.1 Dodging
 - Level 2.0 Stealth
 + Level 3.1 Spellcasting
 + Level 3.7 Conjurations
 + Level 5.4 Air Magic


You couldn't memorise any spells.
You knew the following spells:

 Your Spells              Type           Power      Damage    Failure   Level
a - Shock                 Conj/Air       68%        1d7       2%          1
b - Airstrike             Air            9%         N/A       21%         4
d - Static Discharge      Conj/Air       17%        N/A       4%          2
s - Swiftness             Air            19%        N/A       6%          3

Your spell library contained the following spells:

 Spells                   Type           Power      Damage    Failure   Level
 Corpse Rot               Necr/Air       N/A        N/A       10%         2
 Dispel Undead            Necr           2%         3d7       88%         4
 Death Channel            Necr           1%         N/A       100%        6


Dungeon Overview and Level Annotations

Branches:
Dungeon (4/15)
 Temple: D:4-7

Altars:

Shops:
D:1 (

Annotations:
D:4 Pikel


Innate Abilities, Weirdness & Mutations

You have a beak for a mouth.
You have claws for feet.
Your magical nature lets you fly swiftly and evasively.


Message History

The zap hits the lemure.
The zap hits the lemure but does no damage.
The zap misses the lemure.
The zap hits the lemure.
The lemure hits you.
* * * LOW HITPOINT WARNING * * *
The zap hits the lemure. x2
You kill the lemure!
That felt strangely unrewarding.
The zap hits the lemure.
You kill the lemure!
That felt strangely unrewarding.
The lemure is struck by an arc of lightning.
You are struck by an arc of lightning.
* * * LOW HITPOINT WARNING * * *
The lightning grounds out.
The lemure hits you!
* * * LOW HITPOINT WARNING * * *
There is a stone staircase leading down here.
There is a stone staircase leading up here.
You fly upwards.
There is a stone staircase leading down here.
You start resting.
You fly downwards.
The lemure misses you. x2
There is a stone staircase leading up here.
The lemure is struck by an arc of lightning.
The lightning grounds out.
The lemure hits you!
The lemure is struck by an arc of lightning.
You are struck by an arc of lightning.
The lightning grounds out.
The lemure barely misses you.
The lemure is struck by an arc of lightning!
The lightning grounds out.
The lemure hits you.
The lemure is struck by an arc of lightning!
The lightning grounds out.
The lemure misses you.
The lemure is struck by an arc of lightning!
You kill the lemure!
That felt strangely unrewarding.
You are struck by an arc of lightning.
* * * LOW HITPOINT WARNING * * *
The lightning grounds out.
You start resting.
You start resting.
There is an open door here.
You see here 23 bolts.
There is a stone staircase leading down here.
You fly downwards.
Level annotation: Pikel The lemure hits you.
The iguana closely misses you.
Pikel hits you with a +1 whip of freezing!
Pikel freezes you. The lemure closely misses you.
There is a stone staircase leading up, spattered with blood here.
The iguana bites you!
* * * LOW HITPOINT WARNING * * *
Pikel hits you with a +1 whip of freezing!
You die...

#. ####
.####...# .
.....#.##..
##..........
#...........
###..........
#.....5......
#..@......#
##Kl....###
##.....#
##...## ####


You could see Pikel, a lemure and an iguana.

Vanquished Creatures
  3 lemures (D:3)
  An orc priest (D:3)
  4 adders
  2 dart slugs
  3 orcs (D:3)
  A ball python (D:1)
  6 bats
  8 endoplasms
  6 giant cockroaches
  4 hobgoblins
  3 kobolds
  5 quokkas
  4 goblins
  A rat (D:1)
51 creatures vanquished.

Notes
Turn   | Place    | Note
-------+----------+-------------------------------------------
     0 | D:1      | growler the Tengu Air Elementalist began the quest for the
                  | Orb.
     0 | D:1      | Reached XP level 1. HP: 10/10 MP: 4/4
   188 | D:1      | Reached XP level 2. HP: 14/15 MP: 1/6
   236 | D:1      | Found Olozeew's Weapon Shop.
   859 | D:1      | Reached XP level 3. HP: 19/19 MP: 0/7
   862 | D:1      | Learned a level 2 spell: Static Discharge
   866 | D:1      | Learned a level 3 spell: Swiftness
  1769 | D:2      | Found a faded altar of an unknown god.
  1770 | D:2      | Noticed a floating eye
  1772 | D:2      | Noticed a shining eye
  1777 | D:2      | Noticed a shining eye
  1780 | D:2      | Noticed a floating eye
  2168 | D:3      | Reached XP level 4. HP: 4/24 MP: 2/9
  2427 | D:3      | Reached skill level 5 in Air Magic
  2672 | D:3      | Gained mutation: Your magical nature lets you fly swiftly
                  | and evasively. [Tengu growth]
  2672 | D:3      | Reached XP level 5. HP: 25/28 MP: 4/10
  2677 | D:3      | Learned a level 4 spell: Airstrike
  3305 | D:4      | Noticed Pikel
  3305 | D:4      | Noticed a lemure
  3305 | D:4      | Noticed a lemure
  3305 | D:4      | Noticed a lemure
  3305 | D:4      | Noticed a lemure
  3328 | D:3      | Killed a lemure
  3328 | D:3      | Killed a lemure
  3603 | D:3      | Killed a lemure
  3766 | D:4      | Slain by Pikel

Illustrated notes

Levels and vault maps discovered:
D:1:      dpeg_arrival_shrine, layout_loops_corners, serial_shops, shop
D:2:      layout_basic, hellmonk_ecumenical_altar_watching_god
D:3:      minmay_door_path, layout_loops_corners, minmay_misc_feat_room
D:4:      layout_loops_corners, mainiacjoe_overflow_large_starburst,
          chequers_temple_overflow_minitemple, uniq_pikel

Skill      XL: |  1  2  3  4 |
---------------+-------------+-----
Conjurations   | 2 3 |  3.7
Air Magic      | 5 |  5.4
Spellcasting   | 3 |  3.1
Dodging        | |  2.1
Stealth        | |  2.0

Action                   |  1- 3 |  4- 6 || total
-------------------------+-------+-------++-------
Melee: Unarmed           |     1 |       ||     1
       Dagger            |       |     8 ||     8
       Kick              |       |     3 ||     3
 Cast: Shock             |    81 |    24 ||   105
       Static Discharge  |     1 |    15 ||    16
 Stab: Sleeping          |       |     2 ||     2
Armor: Robe              |     2 |       ||     2
Dodge: Dodged            |     8 |    25 ||    33
